 Dungeon Crawl Stone Soup version 0.24-a0-520-g8fd06ad (webtiles) character file.

Game seed: 988327128690930775

3381 DinnerBoy7 the Firebug (level 9, -2/108 HPs)
             Began as a Demigod Fire Elementalist on July 25, 2019.
             Splashed by a brown ugly thing's acid (9 damage)
             ... on level 7 of the Dungeon.
             The game lasted 00:39:06 (9659 turns).

DinnerBoy7 the Firebug (Demigod Fire Elementalist)  Turns: 9659, Time: 00:39:09

Health: -2/108     AC: 16    Str: 13    XL:     9   Next: 46%
Magic:  8/20       EV:  2    Int: 23    God:
Gold:   735        SH:  0    Dex: 16    Spells: 3/18 levels left

rFire    . . .     SeeInvis .   a - +4 rapier (venom)
rCold    . . .     Gourm    .   (no shield)
rNeg     + + +     Faith    .   (armour currently unavailable)
rPois    +         Spirit   .   (helmet currently unavailable)
rElec    .         Reflect  .   (cloak currently unavailable)
rCorr    .         Harm     .   (gloves currently unavailable)
MR       .....     NoTele   +   (boots currently unavailable)
Stlth    ++........             (no amulet)
HPRegen  0.28/turn              (no ring)
MPRegen  0.17/turn              (no ring)

@: tree-form, corroded
A: high mp 1
a: no special abilities


You were on level 7 of the Dungeon.
You were not hungry.
You were a tree.
You visited 1 branch of the dungeon, and saw 7 of its levels.
You also visited: Ossuary.

You collected 735 gold pieces.

Inventory:

Hand Weapons
 a - a +4 rapier of venom (weapon)
 b - a +5 hunting sling
 e - a +0 dagger
 i - a +0 dagger of venom
 l - a +2 dagger of draining
Missiles
 G - 27 sling bullets
Armour
 d - a +0 leather armour
 n - a +0 robe
 o - a +1 helmet (melded)
 s - a +0 chain mail
 u - a -1 helmet
 A - a +0 ring mail
 E - a +1 robe of fire resistance (melded)
Magical Staves
 v - an uncursed staff of summoning
Jewellery
 p - the ring of Uleblint {rPois rF+ Str-5 Stlth-}
   (You found it on level 5 of the Dungeon)

   [ring of attention]

   It affects your strength (-5).
   It protects you from fire.
   It protects you from poison.
   It makes you less stealthy.
Wands
 y - a wand of disintegration (10)
 B - a wand of paralysis (11)
 D - a wand of iceblast (4)
Scrolls
 f - 3 scrolls of teleportation
 h - 6 scrolls of enchant armour
 k - 2 scrolls of magic mapping
 q - 2 scrolls of remove curse
 w - 2 scrolls of fog
 x - 2 scrolls of identify
 C - a scroll of immolation {unknown}
Potions
 g - 2 potions of curing
 j - 4 potions of might {unknown}
 m - 3 potions of agility
 r - 2 potions of heal wounds {unknown}
 t - 2 potions of flight {unknown}
 z - a potion of degeneration {unknown}
 F - a potion of lignification
Comestibles
 c - 6 rations


   Skills:
 + Level 4.5 Fighting
 + Level 4.6 Armour
 + Level 5.6 Dodging
 - Level 1.7 Stealth
 + Level 5.1 Spellcasting
 + Level 5.3 Conjurations
 + Level 5.9 Fire Magic


You had 3 spell levels left.
You knew the following spells:

 Your Spells              Type           Power        Failure   Level  Hunger
a - Flame Tongue          Conj/Fire      ####.        1%          1    None
b - Throw Flame           Conj/Fire      ####..       1%          2    None
c - Sticky Flame          Conj/Fire      ####....     9%          4    ####...
d - Fireball              Conj/Fire      ####......   26%         5    #####..
e - Conjure Flame         Conj/Fire      ####....     2%          3    ##.....

Your spell library contained the following spells:

 Spells                   Type           Power        Failure   Level  Hunger
 Inner Flame              Hex/Fire       ###.....     9%          3    ##.....
 Summon Small Mammal      Summ           #...         10%         1    None
 Call Imp                 Summ           #.......     14%         2    None
 Call Canine Familiar     Summ           #.......     28%         3    ##.....
 Summon Guardian Golem    Hex/Summ       #.......     28%         3    ##.....
 Summon Ice Beast         Ice/Summ       #.......     67%         4    ####...
 Summon Lightning Spire   Summ/Air       #.......     67%         4    ####...


Dungeon Overview and Level Annotations

Branches:
Dungeon (7/15)             Temple (0/1) D:7


Innate Abilities, Weirdness & Mutations

You have an increased reservoir of magic. (+10% MP)


Message History

You are splashed with acid!
* * * LOW HITPOINT WARNING * * *
Casting: Flame Tongue (safe; 1% risk of failure)
Confirm with . or Enter, or press ? or * to list all spells.
Aiming: Fireball (quite dangerous; 26% risk of failure)
Press: ? - help, Shift-Dir - straight line, f/p - brown ugly thing
Aim: a brown ugly thing (heavily wounded, poisoned)
Okay, then.
Casting: Fireball (quite dangerous; 26% risk of failure)
Confirm with . or Enter, or press ? or * to list all spells.
Aiming: Sticky Flame (safe; 9% risk of failure)
Press: ? - help, Shift-Dir - straight line, f/p - brown ugly thing
Aim: a brown ugly thing (heavily wounded, poisoned)
The sticky flame hits the brown ugly thing but does no damage.
The brown ugly thing is heavily wounded.
The brown ugly thing is covered in liquid flames!
The brown ugly thing burns!
The brown ugly thing headbutts you!
* * * LOW HITPOINT WARNING * * *
You are splashed with acid!
You die...

#.# #.##..#.....#.#
#... #.#
#.##..#.≈≈≈.#.######.##
#.#
#.##..#≈...≈#..)...#.#
#.#
#.....#≈._.≈#..###.#.#
#.# #####.#≈...≈#.##
#.#.## ##.##
#.#.≈≈≈.#.# #.....
#...######.#.....#.#
###.##
#..........u#...#.##
#.##
#...######.♣.#.#.##
#... ##### ##...#.##
#### ##...## #####


You could see a brown ugly thing (burning).

Vanquished Creatures
  Pikel (D:6)
  Joseph (D:7)
  A hippogriff (D:5)
  A water moccasin (D:6)
  Duvessa (D:7)
  A black bear (D:6)
  4 ogres
  2 sky beasts (D:5)
  2 centaurs (D:5)
  A big kobold (D:5)
  An elf zombie (Ossuary)
  2 bullfrogs
  A water moccasin zombie (D:5)
  2 scorpions (D:7)
  Dowan (D:7)
  3 crimson imps
  A jelly (D:5)
  3 hounds
  2 human zombies (Ossuary)
  3 orc priests
  5 orc wizards
  5 worker ants
  3 hound zombies
  2 mummies (Ossuary)
  A worker ant zombie (D:6)
  4 gnolls (D:7)
  11 adders
  2 shadow imps
  An ooze (D:1)
  2 adder zombies
  2 worms
  2 dart slugs
  7 leopard geckos
  10 orcs
  7 bats
  5 giant cockroaches
  8 goblins
  4 hobgoblins
  19 jackals
  10 kobolds
  8 quokkas
  2 frilled lizards
  A goblin zombie (Ossuary)
  6 hobgoblin zombies (Ossuary)
  4 jackal zombies (Ossuary)
  12 kobold zombies
  A leopard gecko skeleton (D:5)
  10 orc zombies (Ossuary)
  A quokka zombie (D:5)
  5 rats
194 creatures vanquished.

Notes
Turn   | Place    | Note
-------+----------+-------------------------------------------
     0 | D:1      | DinnerBoy7 the Demigod Fire Elementalist began the quest
                  | for the Orb.
     0 | D:1      | Reached XP level 1. HP: 14/14 MP: 5/5
    14 | D:1      | Reached skill level 1 in Conjurations
   316 | D:1      | Reached XP level 2. HP: 8/20 MP: 0/7
   930 | D:1      | Reached XP level 3. HP: 26/26 MP: 4/8
  2022 | D:2      | Learned a level 2 spell: Throw Flame
  2083 | D:2      | Found a stormy altar of Qazlal.
  2281 | D:2      | Reached XP level 4. HP: 33/33 MP: 8/10
  2671 | D:3      | Found a white marble altar of Elyvilon.
  2977 | D:3      | Found a bloodstained altar of Trog.
  3203 | D:3      | Found a deep blue altar of Sif Muna.
  3203 | D:3      | Found a basalt altar of Yredelemnul.
  3587 | D:3      | Found a shimmering altar of Xom.
  3639 | D:3      | Found an opulent altar of Gozag.
  3640 | D:3      | Found a glowing silver altar of Zin.
  4099 | D:4      | Reached XP level 5. HP: 37/38 MP: 7/12
  4307 | D:4      | Reached skill level 1 in Armour
  4885 | D:5      | Entered Level 5 of the Dungeon
  4907 | D:5      | Noticed an ogre
  4928 | D:5      | Reached skill level 1 in Fighting
  4954 | D:5      | Learned a level 4 spell: Sticky Flame
  4960 | D:5      | Killed an ogre
  4960 | D:5      | Reached XP level 6. HP: 17/47 MP: 7/13
  5052 | D:5      | Found a sand-covered staircase.
  5066 | Ossuary  | Entered an ossuary
  5612 | Ossuary  | Reached XP level 7. HP: 14/53 MP: 1/15
  6279 | D:5      | Noticed a hippogriff
  6294 | D:5      | Killed a hippogriff
  6581 | D:5      | Reached XP level 8. HP: 54/62 MP: 6/17
  6604 | D:5      | Got a transparent turquoise ring
  6605 | D:5      | Identified the ring of Uleblint {rPois rF+ Str-5 Stlth-}
                  | (You found it on level 5 of the Dungeon)
  6706 | D:5      | Learned a level 5 spell: Fireball
  7814 | D:6      | Reached skill level 5 in Fire Magic
  8214 | D:6      | Learned a level 3 spell: Conjure Flame
  8373 | D:6      | Noticed Pikel
  8385 | D:6      | Killed Pikel
  8385 | D:6      | Reached skill level 5 in Dodging
  8385 | D:6      | Reached XP level 9. HP: 70/71 MP: 10/19
  8506 | D:6      | Found a shadowy altar of Dithmenos.
  8509 | D:6      | Found an ornate altar of the Wu Jian Council.
  8629 | D:7      | Found a sacrificial altar of Ru.
  8658 | D:7      | Noticed Duvessa
  8658 | D:7      | Noticed Dowan
  8667 | D:7      | Killed Duvessa
  8671 | D:7      | Killed Dowan
  8671 | D:7      | Reached skill level 5 in Conjurations
  9069 | D:7      | Reached skill level 5 in Spellcasting
  9109 | D:7      | Noticed Joseph
  9121 | D:7      | Killed Joseph
  9397 | D:7      | Found a staircase to the Ecumenical Temple.
  9646 | D:7      | Noticed a brown ugly thing
  9659 | D:7      | Splashed by a brown ugly thing's acid

Levels and vault maps discovered:
D:1:      minmay_arrival_up_and_down, layout_loops_ring
D:2:      layout_loops_corners, grunt_qazlal_clouds
D:3:      layout_loops_cross, grunt_temple_overflow_gold_and_silver,
          elyvilon_altar_5, old_standard_altar, xom_teletrap_fun,
          chequers_temple_overflow_statue_of_worship, minmay_misc_feat_five
D:4:      layout_basic, first_ration
D:5:      minmay_polygon_palace, layout_basic, enter_ossuary_3
D:6:      layout_basic, grunt_temple_overflow_open, uniq_pikel
D:7:      layout_loops_ring, nicolae_ru_awakened_eye,
          minmay_temple_entry_junction, uniq_joseph, uniq_crazy_yiuf_cottage,
          uniq_duvessa

Skill      XL: |  1  2  3  4  5  6  7  8  9 |
---------------+----------------------------+-----
Conjurations   | 1 2 3 4 5 |  5.3
Dodging        | 2 3 4 5 |  5.6
Spellcasting   | 2 3 4 5 |  5.1
Fire Magic     | 3 4 5 |  5.9
Armour         | 1 2 4 |  4.6
Fighting       | 1 2 3 4 |  4.5
Stealth        | |  1.7

Action                   |  1- 3 |  4- 6 |  7- 9 || total
-------------------------+-------+-------+-------++-------
Melee: Dagger            |    51 |    51 |       ||   102
       Rapier            |       |    87 |   101 ||   188
 Cast: Flame Tongue      |    70 |    89 |   108 ||   267
       Throw Flame       |       |    17 |    29 ||    46
       Sticky Flame      |       |     1 |     6 ||     7
       Fireball          |       |       |     6 ||     6
  Use: Scroll            |       |     9 |     5 ||    14
       Potion            |       |     5 |     5 ||    10
  Eat: Chunk             |     1 |     9 |     7 ||    17
       Ration            |     1 |     1 |     3 ||     5
Armor: Robe              |     4 |       |     2 ||     6
       Leather armour    |    22 |    52 |    24 ||    98
Dodge: Dodged            |    50 |   131 |   102 ||   283

Table legend:
 A = Non-vault XP
 B = Vault XP
 C = Vault XP percentage of total XP
 D = Non-vault monster count
 E = Vault monster count
 F = Vault count percentage of total count
                 A         B        C        D         E       F
            +---------+---------+-------+---------+---------+-------
      Total |    2511 |    2320 |  48.0 |     132 |      62 |  32.0
            +---------+---------+-------+---------+---------+-------
        D:1 |      64 |       0 |   0.0 |      32 |       0 |   0.0
        D:2 |      57 |       0 |   0.0 |      19 |       0 |   0.0
        D:3 |      38 |       0 |   0.0 |      14 |       0 |   0.0
        D:4 |     243 |       0 |   0.0 |      14 |       0 |   0.0
        D:5 |     646 |     787 |  54.9 |      17 |      20 |  54.1
        D:6 |     831 |     641 |  43.5 |      16 |       1 |   5.9
        D:7 |     632 |     645 |  50.5 |      20 |       3 |  13.0
    Ossuary |       0 |     247 | 100.0 |       0 |      38 | 100.0
            +---------+---------+-------+---------+---------+-------
